[Event "Early-Titled-Tuesday-Blitz-October-24-2023"]
[Site "Chess.com"]
[Date "2023.10.24"]
[Round "8"]
[White "IlyaGrigorjev"]
[Black "Harry_Rakkel"]
[Result "1-0"]
[WhiteElo "2923"]
[BlackElo "2705"]
[TimeControl "180+1"]
[EndTime "9:24:49 PDT"]
[Termination "IlyaGrigorjev won by resignation"]

1. e4 c5 2. Nf3 d6 3. d4 cxd4 4. Nxd4 Nf6 5. Nc3 a6 6. Bg5 Nbd7 7. Qe2 h6 8. Bh4 e6 9. O-O-O b5 10. f4 Qc7 11. f5 e5 12. Nd5 Qb7 13. Ne6 Nxd5 14. exd5 Nb6 15. Qh5 Ra7 16. Bd3 Qxd5 17. Kb1 Bxe6 18.
fxe6 Qxe6 19. Bf2 Rb7 20. Be4 d5 21. Bxb6 dxe4 22. Rd8+ Ke7 23. Ba5 g6 24. Qh4+ g5 25.
Qxe4 Ra7 26. Qb4+ Kf6 27. Rxf8 Rxf8 28. Qxf8 Kg6 29. h4 gxh4 30. Qg8+ Kh5 31. Be1 Qg6 32. Rxh4+ Kg5 33. Qd8+ Kf5 34. g4+ Ke6 35. Qb6+ 1-0

[Event "Early-Titled-Tuesday-Blitz-October-24-2023"]
[Site "Chess.com"]
[Date "2023.10.24"]
[Round "8"]
[White "Ykow"]
[Black "MKlose11"]
[Result "0-1"]
[WhiteElo "2514"]
[BlackElo "2635"]
[TimeControl "180+1"]
[EndTime "9:24:51 PDT"]
[Termination "MKlose11 won by resignation"]

1. e4 e6 2. d4 d5 3. exd5 exd5 4. Bd3 Nf6 5. Nf3 c5 6. c3 Be7 7. O-O O-O 8. h3 Nc6 9. Re1 h6 10. Bf4 Be6 11. Nbd2 Qb6 12. Qb3 Qxb3 13. axb3 cxd4 14. Nxd4 Nxd4 15. cxd4 a6 16. Nf3 Rfc8 17. Rec1 Ne4 18. Nd2 Bd6 19. Be3 f5 20. Nxe4 fxe4 21. Be2 Kf7 22. f3 Rxc1+ 23. Rxc1 Rc8 24. Rxc8 Bxc8 25. Kf2 Bf5 26. g4 Bh7 27. f4 Ke7 28. h4 Bg8 29. Bd2 Be6 30. h5 Bd7 31. Ke3 Be6 32. Be1 Kf7 33. Bh4 Bb4 34. g5 Bf5 35. Bf1 Ba5 36. Be2 Bb4 37. Bg3 Ke6 38. Bh4 Be7 39. Bd1 Bd6 40. Be1 Bh3 41. b4 Kf5 42. Bb3 Bxf4+ 43. Kf2 Ke6 44. gxh6 gxh6 0-1

[Event "Early-Titled-Tuesday-Blitz-October-24-2023"]
[Site "Chess.com"]
[Date "2023.10.24"]
[Round "8"]
[White "Akylbek2021"]
[Black "Cheer_Down"]
[Result "0-1"]
[WhiteElo "2252"]
[BlackElo "2421"]
[TimeControl "180+1"]
[EndTime "9:24:52 PDT"]
[Termination "Cheer_Down won on time"]

1. e4 c5 2. Nc3 d6 3. g3 Nc6 4. Bg2 g6 5. Nge2 Bg7 6. d3 e5 7.
O-O Nge7 8. f4 O-O 9. h3 f5 10.
Be3 Nd4 11. Nd5 Nxd5 12. exd5 Nxe2+ 13. Qxe2 exf4 14. Bxf4 Bxb2 15. Rab1 Bd4+ 16. Kh2 b6 17. Rfe1 a6 18. Bh6 Bg7 19. Bf4 Ra7 20. h4 b5 21. c4 b4 22. a3 a5 23. h5 g5 24. Bc1 h6 25. Bb2 Bxb2 26. Qxb2 Re7 27. axb4 axb4 28. d4 Rfe8 29. Rxe7 Qxe7 30. dxc5 dxc5 31. Ra1 f4 32. Qf2 Qe3 33. Qxe3 fxe3 34. Kg1 Bg4 35. Kf1 b3 36. d6 Kg7 37. Ra6 Rb8 38.
d7 b2 39. Be4 b1=Q+ 40. Bxb1 Rxb1+ 41. Kg2 Bxd7 42. Rd6 Rb7 43. Kf3 Be8 44. Kxe3 Bxh5 45. Rc6 Re7+ 46. Kd3 Re5 47. Rc7+ Bf7 0-1

[Event "Early-Titled-Tuesday-Blitz-October-24-2023"]
[Site "Chess.com"]
[Date "2023.10.24"]
[Round "8"]
[White "gau248"]
[Black "Bilan_Danila"]
[Result "1-0"]
[WhiteElo "2600"]
[BlackElo "2420"]
[TimeControl "180+1"]
[EndTime "9:24:53 PDT"]
[Termination "gau248 won by checkmate"]

1. d4 d5 2. c4 c6 3. Nf3 Nf6 4. e3 e6 5. Be2 Nbd7 6. O-O Bd6 7. Qc2 Ne4 8. Nbd2 f5 9. c5 Bc7 10. b4 a6 11. a4 O-O 12. Ne1 e5 13. Bb2 Rf6 14. g3 Rh6 15. Ng2 exd4 16. Bxd4 Ndf6 17. Nf3 Ng4 18. b5 Qe8 19. bxc6 bxc6 20. h4 Qg6 21. Rab1 Ngxf2 22. Rxf2 Nxf2 23. Kxf2 Qxg3+ 24. Kf1 f4 25. exf4 Bh3 26. Bd1 Bxf4 27. Qf2 Qg6 28. Bc2 Qf7 29. Ng5 Bxg2+ 30. Kxg2 Bxg5 31. Qxf7+ Kxf7 32. hxg5 Rh5 33. Rb7+ Ke6 34. Rxg7 Rb8 35. Bd1 Rh4 36. Bf6 Rb1 37. Kg3 Rh1 38. Bg4# 1-0

[Event "Early-Titled-Tuesday-Blitz-October-24-2023"]
[Site "Chess.com"]
[Date "2023.10.24"]
[Round "8"]
[White "Aleksandar-Topalov"]
[Black "GlacierGambit"]
[Result "1-0"]
[WhiteElo "2380"]
[BlackElo "2112"]
[TimeControl "180+1"]
[EndTime "9:24:55 PDT"]
[Termination "Aleksandar-Topalov won on time"]

1. b3 e6 2. Bb2 a5 3. a3 Nf6 4. e3 d5 5. Nf3 b6 6. d4 Be7 7.
Nbd2 Ba6 8. c4 O-O 9. Bd3 Nbd7 10. O-O c6 11. Qe2 Qb8 12. Rfc1 Rc8 13. e4 h6 14. h3 a4 15. b4 c5 16. dxc5 bxc5 17.
exd5 exd5 18. Qxe7 Re8 19. Bxf6 Rxe7 20. Bxe7 Qf4 21.
bxc5 dxc4 22. Bxc4 Bxc4 23. Rxc4 Qf5 24. c6 Nb6 25. Rcc1 Qe6 26. Bb4 Nd5 27. Nd4 Qf6 28. N2f3 Nf4 29. Kh2 Rc8 30. g3 Ne6 31. Bc3 Qg6 32.
Nxe6 Qxe6 33. Nd4 Qe4 34. Re1 Qd5 35. Rad1 h5 36. h4 Qc4 37. Bb4 1-0

[Event "Early-Titled-Tuesday-Blitz-October-24-2023"]
[Site "Chess.com"]
[Date "2023.10.24"]
[Round "8"]
[White "twofoxniel"]
[Black "rachidhuilda"]
[Result "1-0"]
[WhiteElo "2596"]
[BlackElo "2391"]
[TimeControl "180+1"]
[EndTime "9:24:56 PDT"]
[Termination "twofoxniel won on time"]

1. d4 Nf6 2. c4 c5 3. d5 b5 4. Qc2 b4 5. e4 d6 6. Nf3 g6 7. Bd3 a5 8. O-O Bg7 9. Re1 O-O 10. e5 Ng4 11. exd6 exd6 12. Bg5 Bf6 13. Bxf6 Qxf6 14. Nbd2 Ra6 15. h3 Nh6 16. Ne4 Qg7 17. Qd2 Nf5 18. Rab1 Nd7 19. Qf4 Ne5 20. Nxe5 Qxe5 21.
Qxe5 dxe5 22. Nxc5 Ra8 23. Ne4 Kg7 24. c5 Ba6 25. Bxa6 Rxa6 26. Rbc1 Rd8 27. d6 Nd4 28. Rc4 Rc6 29. f4 f6 30. fxe5 fxe5 31. Kf2 Ne6 32.
Rd1 Rdc8 33. Ke3 Kf7 34. Rd5 Nf4 35. Rxe5 Nxg2+ 36. Kd4 Nh4 37. Kd5 Nf5 38. d7 Ne3+ 39.
Kd4 Nxc4 40. dxc8=Q 1-0

[Event "Early-Titled-Tuesday-Blitz-October-24-2023"]
[Site "Chess.com"]
[Date "2023.10.24"]
[Round "8"]
[White "LiadCuba"]
[Black "mary-sanna"]
[Result "1-0"]
[WhiteElo "2363"]
[BlackElo "2197"]
[TimeControl "180+1"]
[EndTime "9:24:56 PDT"]
[Termination "LiadCuba won by resignation"]

1. d4 Nf6 2. c4 e6 3. Nc3 Bb4 4. f3 d5 5. a3 Bxc3+ 6. bxc3 O-O 7. cxd5 exd5 8. e3 c5 9. Bd3 Nc6 10. Ne2 Re8 11. O-O Qe7 12. Ra2 Bd7 13. Ng3 Rab8 14. Re2 g6 15. Bb2 c4 16. Bb1 h5 17. Qd2 h4 18. Nh1 Kg7 19. e4 Nh5 20. e5 Nd8 21. f4 Bf5 22. Bxf5 gxf5 23. Qc2 Qe6 24. Bc1 Rg8 25.
Nf2 Kf8 26. Nh3 Nc6 27. Ng5 Qg6 28. e6 Ne7 29. exf7 Rg7 30. Rxe7 Kxe7 31. Re1+ Kf8 32. Qe2 Rxf7 33. Nxf7 Qxf7 34. Qe5 Re8 35. Qh8+ Qg8 36. Rxe8+ Kxe8 37. Qxg8+ Kd7 38. Qf7+ 1-0

[Event "Early-Titled-Tuesday-Blitz-October-24-2023"]
[Site "Chess.com"]
[Date "2023.10.24"]
[Round "8"]
[White "Nbk90"]
[Black "vladgoncharov"]
[Result "0-1"]
[WhiteElo "2222"]
[BlackElo "2585"]
[TimeControl "180+1"]
[EndTime "9:25:01 PDT"]
[Termination "vladgoncharov won by checkmate"]

1. d4 Nf6 2. Nf3 e6 3. c3 b6 4. Bg5 Bb7 5. Nbd2 h6 6. Bxf6 Qxf6 7. e4 Qd8 8. Bd3 d5 9. Qe2 Be7 10. O-O O-O 11. Rfe1 Nd7 12. exd5 Bxd5 13. c4 Bxf3 14. Nxf3 Bf6 15. Qe4 g6 16. Qg4 Bg7 17. Rad1 Nf6 18. Qh3 Qd6 19. a3 Rad8 20. Bxg6 fxg6 21. Rxe6 Qf4 22.
Re7 Ng4 23. Qg3 Qxg3 24. hxg3 Rf7 25. Re6 g5 26. b4 Bf6 27. b5 Re7 28. Rc6 Kf7 29.
a4 Rd6 30. Rxd6 cxd6 31. a5 Rc7 32. axb6 axb6 33. Nd2 Bxd4 34. Ne4 Bc5 35. Nxd6+ Bxd6 36. Rxd6 Rxc4 37. Rxb6 Rc1# 0-1

[Event "Early-Titled-Tuesday-Blitz-October-24-2023"]
[Site "Chess.com"]
[Date "2023.10.24"]
[Round "8"]
[White "NMJeevanK"]
[Black "Thunderbolt135"]
[Result "0-1"]
[WhiteElo "2598"]
[BlackElo "2746"]
[TimeControl "180+1"]
[EndTime "9:25:03 PDT"]
[Termination "Thunderbolt135 won by checkmate"]

1. e4 c5 2. Nc3 b6 3. g3 Bb7 4. Bg2 e6 5. d3 Nf6 6. Nh3 d6 7. O-O Nbd7 8. f4 a6 9. f5 e5 10. g4 h6 11. Nd5 Nxd5 12. exd5 Be7 13. c4 b5 14. b3 Bf6 15. Rb1 Qe7 16. Bd2 Bg5 17.
Nxg5 hxg5 18. h3 f6 19. a4 b4 20. Be1 Nf8 21. Bg3 Bc8 22. Qd2 g6 23. d4 cxd4 24.
Qxb4 gxf5 25. gxf5 Nd7 26. Qd2 a5 27. b4 axb4 28.
Rxb4 Nc5 29. Rfb1 Bd7 30. Rb8+ Kf7 31. Rxh8 Rxh8 32. a5 Bxf5 33. Rf1 Bxh3 34. Qxg5 f5 35. Qd2 f4 36. Bxf4 exf4 37. Rxf4+ Ke8 38. Bxh3 Rxh3 39. Qxd4 Qe1+ 40. Rf1 Qg3# 0-1

[Event "Early-Titled-Tuesday-Blitz-October-24-2023"]
[Site "Chess.com"]
[Date "2023.10.24"]
[Round "8"]
[White "Nasrin_Babayeva"]
[Black "ferrufino64"]
[Result "0-1"]
[WhiteElo "1755"]
[BlackElo "2194"]
[TimeControl "180+1"]
[EndTime "9:25:03 PDT"]
[Termination "ferrufino64 won by resignation"]

1. c4 c5 2. g3 Nc6 3. Bg2 g6 4.
Nc3 Bg7 5. Nf3 d6 6. O-O e5 7. d3 Nge7 8. Rb1 h6 9. a3 a5 10. Ne1 Be6 11. Nc2 d5 12. cxd5 Nxd5 13. Ne3 Nde7 14. Ne4 b6 15. Nc4 O-O 16. Ned6 Nd5 17. b3 Rb8 18. Nb5 Qd7 19. Bb2 Rbd8 20. Bxd5 Bxd5 21. Nxb6 Qb7 22. Nxd5 Rxd5 23. Nc3 Rdd8 24.
Qc2 Nd4 25. Qd1 Nxb3 26. Ne4 c4 27. Bc3 Qc6 28. f3 a4 29. Bb4 Rfe8 30. Nd6 Rxd6 31. Bxd6 Qxd6 32. dxc4 Qxa3 33. Qd7 Qe7 34. Rfd1 Qc5+ 35.
Kg2 Ra8 36. Qb5 Qe3 37. Rb2 Nd4 38. Qb7 Re8 39. Qd7 Ra8 40. Rb7 Rf8 41. Re1 Nc2 42.
Rf1 Qxe2+ 43. Rf2 Ne3+ 44. Kh3 Qxf2 0-1

[Event "Early-Titled-Tuesday-Blitz-October-24-2023"]
[Site "Chess.com"]
[Date "2023.10.24"]
[Round "8"]
[White "Iskusnyh"]
[Black "SergioMoralesG"]
[Result "1-0"]
[WhiteElo "2588"]
[BlackElo "2398"]
[TimeControl "180+1"]
[EndTime "9:25:04 PDT"]
[Termination "Iskusnyh won on time"]

1. d4 d5 2. c4 c6 3. Nf3 Nf6 4. e3 Bf5 5. Nc3 e6 6. Nh4 Bg6 7. Qb3 Qc7 8. Bd2 Be7 9. Nxg6 hxg6 10. O-O-O dxc4 11. Bxc4 b5 12. Be2 a6 13. Kb1 Nbd7 14.
Bf3 Rc8 15. Rc1 c5 16. dxc5 Nxc5 17. Qc2 O-O 18. h4 Rfd8 19. Ne4 Nfxe4 20. Bxe4 Qd7 21. Bc3 b4 22. Bxb4 Nxe4 23. Qxe4 f5 24. Qf4 e5 25.
Qxe5 Bxb4 26. h5 Rxc1+ 27. Rxc1 gxh5 28. a3 Bd2 29. Rc4 Qd3+ 30. Rc2 Kh8 31. Qc7 1-0

[Event "Early-Titled-Tuesday-Blitz-October-24-2023"]
[Site "Chess.com"]
[Date "2023.10.24"]
[Round "8"]
[White "Laico"]
[Black "campochess"]
[Result "0-1"]
[WhiteElo "2356"]
[BlackElo "2201"]
[TimeControl "180+1"]
[EndTime "9:25:04 PDT"]
[Termination "campochess won on time"]

1. e4 c5 2. Nc3 Nc6 3. f4 a6 4. g3 e6 5. Bg2 Nf6 6. e5 Ng8 7. Nf3 d5 8. O-O Nge7 9. d4 cxd4 10. Nxd4 Nxd4 11. Qxd4 Nf5 12. Qf2 Qc7 13. Kh1 Bc5 14. Qe2 h5 15. Bh3 g6 16. Bxf5 gxf5 17. h4 Bd7 18. Kh2 Bc6 19. Nd1 O-O-O 20. c3 d4 21. cxd4 Rxd4 22. Be3 Rd5 23. Bxc5 Rxc5 24. Nc3 Kb8 25.
Rac1 Bb5 26. Nxb5 axb5 27. Rxc5 Qxc5 28. Rd1 Rc8 29. Rd2 Qc1 30. Qd3 Qc4 31. Qd6+ Qc7 32. Kg2 Ka7 33. Qxc7 Rxc7 34. Kf3 Kb6 35. Ke3 Ka5 36.
Kd3 Rd7+ 37. Kc3 Rxd2 38. Kxd2 Kb4 39. Kd3 Kc5 40. Kc3 b4+ 41. Kd3 Kd5 42. Ke3 Kc4 43. Kd2 Kd4 44. Kc2 Ke3 45. Kb3 Kf2 46. Kxb4 Kxg3 47. Kb5 Kxh4 48. Kb6 Kg3 49. Kxb7 h4 0-1

[Event "Early-Titled-Tuesday-Blitz-October-24-2023"]
[Site "Chess.com"]
[Date "2023.10.24"]
[Round "8"]
[White "Aygehovit1992"]
[Black "JoliyRoger"]
[Result "1-0"]
[WhiteElo "2664"]
[BlackElo "2475"]
[TimeControl "180+1"]
[EndTime "9:25:05 PDT"]
[Termination "Aygehovit1992 won on time"]

1. e4 c6 2. Nc3 d5 3. Nf3 Nf6 4. e5 Ne4 5. d4 Nxc3 6. bxc3 Bg4 7.
c4 e6 8. c3 Nd7 9. a4 Be7 10. h3 Bh5 11. Bd3 Bg6 12. a5 O-O 13. O-O dxc4 14. Bxc4 b5 15. Bb3 a6 16. c4 bxc4 17. Bxc4 Be4 18. Ba3 Bd5 19. Bxd5 cxd5 20. Qd3 Bxa3 21. Rxa3 f6 22. Rc1 fxe5 23. dxe5 Rc8 24.
Rac3 Rxc3 25. Rxc3 Qxa5 26. Ng5 g6 27. Nxe6 Re8 28.
Nf4 Nxe5 29. Qd4 Qa1+ 30. Kh2 1-0

[Event "Early-Titled-Tuesday-Blitz-October-24-2023"]
[Site "Chess.com"]
[Date "2023.10.24"]
[Round "8"]
[White "RCone"]
[Black "meoluoi91"]
[Result "0-1"]
[WhiteElo "2432"]
[BlackElo "2593"]
[TimeControl "180+1"]
[EndTime "9:25:05 PDT"]
[Termination "meoluoi91 won on time"]

1. e4 c6 2. d4 d5 3. e5 Bf5 4. h4 h5 5. Bg5 Qb6 6. Bd3 Qxb2 7.
Bxf5 Qxa1 8. e6 Nf6 9. Nf3 fxe6 10. Bxe6 Nbd7 11. O-O Qxa2 12. Qd3 Ne4 13. Nbd2 Qa6 14. Bxd7+ Kxd7 15. Nxe4 Qxd3 16. Nc5+ Kc7 17. cxd3 b5 18. Ne5 a5 19. Rc1 Kb6 20. Ncd7+ Kb7 21. Rxc6 e6 22. Rb6+ Kc7 23. Rxb5 Bd6 24. Nc5 Bxe5 25. dxe5 Kc6 26. Rb1 Kxc5 27. Be7+ Kd4 28. Rb6 Kxe5 29. Bd6+ Kf5 30.
Bc5 Rhb8 31. Rc6 Rb7 32. d4 a4 0-1

[Event "Early-Titled-Tuesday-Blitz-October-24-2023"]
[Site "Chess.com"]
[Date "2023.10.24"]
[Round "8"]
[White "Carow-Kann"]
[Black "seopie"]
[Result "1-0"]
[WhiteElo "2763"]
[BlackElo "2892"]
[TimeControl "180+1"]
[EndTime "9:25:06 PDT"]
[Termination "Carow-Kann won on time"]

1. d4 Nf6 2. c4 e6 3. Nc3 Bb4 4. Qc2 c5 5. dxc5 O-O 6. a3 Bxc5 7. Bf4 b6 8. Nf3 Bb7 9. Rd1 Nc6 10. b4 Be7 11. e4 Rc8 12. Be2 a5 13. b5 Nb8 14.
O-O Bxa3 15. e5 Nh5 16. Ng5 f5 17. Bxh5 Rxc4 18. Nxe6 Qe7 19. Nxf8 Rxf4 20. Ne2 Rh4 21. Qxf5 Qxf8 22. Qxf8+ Kxf8 23. Bf3 Bxf3 24. gxf3 Bc5 25. f4 d6 26. exd6 Nd7 27. Rfe1 a4 28. Nd4 Rg4+ 29.
Kf1 Rg6 30. Ne6+ Rxe6 31. Rxe6 a3 32. Re7 Nf6 33. Ra7 1-0

[Event "Early-Titled-Tuesday-Blitz-October-24-2023"]
[Site "Chess.com"]
[Date "2023.10.24"]
[Round "8"]
[White "Chernov_Mikhail"]
[Black "m_ezat"]
[Result "0-1"]
[WhiteElo "2427"]
[BlackElo "2603"]
[TimeControl "180+1"]
[EndTime "9:25:06 PDT"]
[Termination "m_ezat won by resignation"]

1. d4 Nf6 2. Nc3 d5 3. Bf4 c5 4. e3 cxd4 5. exd4 a6 6. Nf3 Bg4 7. Be2 Bxf3 8. Bxf3 Nc6 9. O-O e6 10. Ne2 Bd6 11. c3 Bxf4 12. Nxf4 O-O 13. Nd3 Nd7 14.
Re1 b5 15. a4 Qb6 16. axb5 axb5 17. b4 Qc7 18. Nc5 Nxc5 19. bxc5 b4 20. cxb4 Nxb4 21. Qb3 Nc6 22. Qc3 Rxa1 23. Rxa1 Qf4 24. Rd1 Rb8 25. g3 Qf6 26. Kg2 g6 27. Be2 Rb4 28. Bf1 Rxd4 29. Bb5 Kg7 30. Rxd4 Qxd4 31. Qc2 Nb4 32.
Qc1 Na2 33. Qc2 Nc3 34. Bf1 Qxc5 35. Qd3 d4 36. f4 Nd5 37. Be2 Ne3+ 38. Kf2 h5 39.
Qe4 Ng4+ 40. Bxg4 hxg4 41. Qd3 Qd5 42. Kf1 Qh1+ 43. Kf2 Qxh2+ 44. Kf1 Qh1+ 45. Kf2 Qf3+ 46. Qxf3 gxf3 47. Kxf3 f5 48. Ke2 Kf6 49. Kd3 e5 50. fxe5+ Kxe5 51. Ke2 Ke4 52. Kf2 g5 0-1

[Event "Early-Titled-Tuesday-Blitz-October-24-2023"]
[Site "Chess.com"]
[Date "2023.10.24"]
[Round "8"]
[White "Happy1712Drummer"]
[Black "PinaSoprano"]
[Result "0-1"]
[WhiteElo "2369"]
[BlackElo "2232"]
[TimeControl "180+1"]
[EndTime "9:25:06 PDT"]
[Termination "PinaSoprano won on time"]

1. e4 c5 2. Nf3 d6 3. Bb5+ Bd7 4. Bxd7+ Nxd7 5. O-O Ngf6 6. Re1 e6 7. d4 Be7 8. c4 cxd4 9. Nxd4 O-O 10. Nc3 Qa5 11. Bd2 Qb6 12. Nc2 Rfc8 13. b3 Ne5 14. h3 a6 15. Be3 Qc7 16. Na4 Nfd7 17. Nd4 Bf6 18. Rc1 Nc6 19. Qd2 Nc5 20. Nc3 Nb4 21. Red1 Qa5 22. Ra1 b5 23. a3 Nc6 24. Nxc6 Rxc6 25. b4 Bxc3 26. Qxc3 Na4 27. Qd2 Qc7 28. cxb5 axb5 29. Bd4 Rc8 30. Rdc1 Rc2 31. Rxc2 Qxc2 32. Qe3 e5 33. Ba7 Rc3 0-1

[Event "Early-Titled-Tuesday-Blitz-October-24-2023"]
[Site "Chess.com"]
[Date "2023.10.24"]
[Round "8"]
[White "FREDERICKtheMATE"]
[Black "verrbaa"]
[Result "1-0"]
[WhiteElo "2593"]
[BlackElo "2441"]
[TimeControl "180+1"]
[EndTime "9:25:08 PDT"]
[Termination "FREDERICKtheMATE won by resignation"]

1. Nf3 Nf6 2. g3 g6 3. Bg2 Bg7 4. O-O O-O 5. b3 c5 6. Bb2 Nc6 7. c4 d6 8. d4 cxd4 9. Nxd4 Bd7 10. Nc3 Qa5 11. Rc1 a6 12. e3 Rac8 13. a3 Nxd4 14. exd4 b5 15. b4 Qb6 16. c5 dxc5 17. dxc5 Qc7 18. Nd5 Nxd5 19. Bxg7 Kxg7 20. Qxd5 Be6 21. Qd4+ f6 22. Rfe1 Bf7 23. Qe3 e5 24. Red1 Rfd8 25. c6 Be8 26. Qc5 f5 27. h4 e4 28. Qc3+ Kg8 29.
Rxd8 Rxd8 30. f3 Bxc6 31. fxe4 Qb6+ 32. Kh2 Bxe4 33. Bxe4 fxe4 34. Rf1 Re8 35. Qb3+ Qe6 36.
Qe3 Rf8 37. Rxf8+ Kxf8 38. Kg2 Qe5 39. Kf2 Kg7 40. Qa7+ Kh6 41. Qxa6 Qb2+ 42. Ke3 Qc3+ 43. Kxe4 Qxg3 44. Qxb5 Qxh4+ 45. Kd5 Qg5+ 46. Kc6 Qc1+ 47.
Qc5 Qxa3 48. b5 Qa8+ 49. Kc7 g5 50. b6 g4 51. b7 Qg8 52. b8=Q Qxb8+ 53. Kxb8 Kg6 54.
Kc7 h5 55. Kd6 h4 56. Ke5 1-0

[Event "Early-Titled-Tuesday-Blitz-October-24-2023"]
[Site "Chess.com"]
[Date "2023.10.24"]
[Round "8"]
[White "MikeSailer"]
[Black "hsd2016"]
[Result "0-1"]
[WhiteElo "2044"]
[BlackElo "2265"]
[TimeControl "180+1"]
[EndTime "9:25:08 PDT"]
[Termination "hsd2016 won by checkmate"]

1. d4 Nf6 2. Bg5 c5 3. d5 d6 4. Bxf6 gxf6 5. Nc3 Na6 6. e4 Nc7 7. Qd3 a6 8. a4 Bh6 9. Qg3 Kf8 10. Qh4 Bg5 11. Qh5 Rb8 12. h4 Bf4 13. Nge2 Be5 14. f4 Bxc3+ 15. Nxc3 b5 16. axb5 axb5 17. Qh6+ Ke8 18.
Qg7 Rf8 19. Qxh7 b4 20. Nd1 Qd7 21. Ne3 e5 22. Nf5 exf4 23. h5 Kd8 24. Ra7 Rb7 25.
Rxb7 Bxb7 26. h6 Re8 27. Bd3 c4 28. Ng7 cxd3 29. Nxe8 dxc2 30. O-O Nxe8 31. Qg8 Qc7 32. h7 c1=Q 33. h8=Q Qxf1+ 34. Kxf1 Qc1+ 35. Kf2 Qe3+ 36. Kf1 Ba6# 0-1

[Event "Early-Titled-Tuesday-Blitz-October-24-2023"]
[Site "Chess.com"]
[Date "2023.10.24"]
[Round "8"]
[White "Legendinunknown"]
[Black "Grischuk"]
[Result "0-1"]
[WhiteElo "2813"]
[BlackElo "3000"]
[TimeControl "180+1"]
[EndTime "9:25:10 PDT"]
[Termination "Grischuk won by resignation"]

1. d4 e6 2. c4 b6 3. a3 Bb7 4.
Nc3 f5 5. Nf3 Nf6 6. g3 Ne4 7. Bg2 Nxc3 8. bxc3 Be4 9. O-O Be7 10.
Nd2 Bxg2 11. Kxg2 O-O 12. e4 fxe4 13. Nxe4 Nc6 14. Qe2 Qe8 15. Bf4 Rc8 16. d5 Na5 17. dxe6 dxe6 18. Nd2 Qc6+ 19. Kg1 Bf6 20. Rac1 Rcd8 21.
Rfe1 Rfe8 22. h4 h6 23. h5 e5 24. Be3 e4 25. c5 Rd3 26. Qg4 Qe6 27. Qxe6+ Rxe6 28. Bf4 Bxc3 29. Re2 Bxd2 30. Bxd2 Nb3 31. Rc2 Nd4 32. Be3 Nxe2+ 33. Rxe2 Rxa3 34. cxb6 axb6 35. Rd2 Rd3 36. Ra2 Rd5 37. Ra7 c5 38. g4 Rc6 39.
Re7 c4 40. Rxe4 c3 41. Kg2 c2 42. Re8+ Kf7 43. Rb8 c1=Q 44. Bxc1 Rxc1 45. Rxb6 Rc7 46. f3 Rdc5 47. Kg3 Kg8 48. Rb8+ Kh7 49. Rf8 Rc3 50. Kh4 Rc8 51. Rf4 R8c6 52. Rf5 Rf6 53. Rxf6 gxf6 54. f4 Rc4 55. f5 Kg7 56. Kg3 Kf7 57. Kf3 Ke7 0-1

[Event "Early-Titled-Tuesday-Blitz-October-24-2023"]
[Site "Chess.com"]
[Date "2023.10.24"]
[Round "8"]
[White "shimastream"]
[Black "Korchmar_Vasiliy"]
[Result "1-0"]
[WhiteElo "2978"]
[BlackElo "2767"]
[TimeControl "180+1"]
[EndTime "9:25:10 PDT"]
[Termination "shimastream won on time"]

1. Nf3 d5 2. c4 e6 3. g3 Nf6 4. Bg2 d4 5. d3 Bb4+ 6. Nbd2 a5 7.
a3 Be7 8. O-O O-O 9. Rb1 Nc6 10.
Ne1 Nd7 11. Nc2 Nc5 12. b3 e5 13. Ne4 Na6 14. Nd2 Nc5 15. Qe1 Bg4 16. b4 axb4 17.
axb4 Na4 18. b5 Na5 19. Bb2 c6 20. Ba1 Qd7 21. e3 Nc3 22. Bxc3 dxc3 23. Ne4 Qxd3 24. Qxc3 Be2 25. Rfc1 Nxc4 26. Ne1 Qd7 27. Qc2 Na3 28. Qxe2 Nxb1 29. Rxb1 cxb5 30. Rxb5 Ra1 31. Rxb7 Qe6 32. Bf1 f5 33. Nc3 Bf6 34. Nc2 Rc1 35. Qd2 1-0

[Event "Early-Titled-Tuesday-Blitz-October-24-2023"]
[Site "Chess.com"]
[Date "2023.10.24"]
[Round "8"]
[White "ketster"]
[Black "GM_DarwinLaylo"]
[Result "0-1"]
[WhiteElo "2516"]
[BlackElo "2639"]
[TimeControl "180+1"]
[EndTime "9:25:12 PDT"]
[Termination "GM_DarwinLaylo won by resignation"]

1. d4 d5 2. c4 c6 3. cxd5 cxd5 4. Bf4 Nc6 5. e3 Nf6 6. Nc3 e6 7. Bd3 Bd6 8. Bxd6 Qxd6 9. f4 a6 10. Nf3 b5 11. Rc1 Bb7 12. O-O O-O 13. Ne5 Rac8 14.
Qe2 Ne7 15. g4 Ne4 16. Bxe4 dxe4 17. g5 Nf5 18. Ng4 Bd5 19. Qg2 Qc6 20. Kf2 b4 21. Ne2 Qa4 22. h4 Rc2 23. Rxc2 Qxc2 24. h5 Bc4 25. Re1 Kh8 26. h6 gxh6 27. Nf6 Qd2 28.
Qxe4 Bxe2 29. Rxe2 Qxe2+ 30. Kxe2 Ng3+ 31. Kd3 Nxe4 32. Nxe4 hxg5 33. fxg5 Kg7 34. Nc5 a5 35. Nb7 Ra8 36. e4 Kg6 37. Nd6 Ra6 38. Nc4 Kxg5 39. d5 exd5 40. exd5 h5 41. d6 Kf6 42. Ke4 Ke6 43. Kf4 Rxd6 44. Nxd6 Kxd6 45. Kg5 Ke5 46. Kxh5 f5 0-1

[Event "Early-Titled-Tuesday-Blitz-October-24-2023"]
[Site "Chess.com"]
[Date "2023.10.24"]
[Round "8"]
[White "Fonsofan"]
[Black "jcibarra"]
[Result "1/2-1/2"]
[WhiteElo "2741"]
[BlackElo "2918"]
[TimeControl "180+1"]
[EndTime "9:25:13 PDT"]
[Termination "Game drawn by repetition"]

1. e4 c5 2. Nf3 Nc6 3. Bb5 e6 4. O-O Nge7 5. Re1 Nd4 6. Nxd4 cxd4 7. c3 a6 8. Bf1 Nc6 9. cxd4 Nxd4 10. Nc3 Bc5 11.
d3 O-O 12. Be3 d6 13. Ne2 Qb6 14. Nxd4 Bxd4 15. Bxd4 Qxd4 16. Qd2 e5 17. Rec1 Be6 18. Qc3 Rfc8 19. Qxd4 exd4 20. a3 g5 21. Be2 Kg7 22.
Kf1 Kf6 23. f3 Ke5 24. g3 d5 25. Ke1 dxe4 26. dxe4 g4 27. fxg4 Kxe4 28. Kd2 Rxc1 29. Rxc1 Rc8 30. Rf1 h6 31. Bf3+ Ke5 32. Re1+ Kd6 33.
Bxb7 Rb8 34. Bxa6 Rxb2+ 35. Kd3 Rxh2 36. Kxd4 Ra2 37. Re3 Bxg4 38. Bc4 Rf2 39. a4 Bf3 40. Bxf7 Bd1 41. Be8 Ra2 42. Ke4 Ke7 43. Kf5+ Kf8 44.
Kg6 Bxa4 45. Bxa4 Rxa4 46. Kxh6 Kf7 47. Kh5 Ra5+ 48. Kh4 Kg6 49. Re6+ Kf7 50. Rb6 Kg7 51. g4 Rc5 52. Ra6 Rb5 53. Ra7+ Kg6 54. Ra6+ Kg7 55. Ra7+ Kg6 56. Ra6+ Kg7 1/2-1/2

[Event "Early-Titled-Tuesday-Blitz-October-24-2023"]
[Site "Chess.com"]
[Date "2023.10.24"]
[Round "8"]
[White "UmarovSabir"]
[Black "fen_fire"]
[Result "0-1"]
[WhiteElo "2331"]
[BlackElo "2544"]
[TimeControl "180+1"]
[EndTime "9:25:14 PDT"]
[Termination "fen_fire won on time"]

1. e4 Nc6 2. d4 e5 3. d5 Nce7 4. Nc3 Nf6 5. Be3 Ng6 6. g3 Bb4 7. Bg2 Bxc3+ 8. bxc3 d6 9. Ne2 O-O 10. O-O Re8 11. a4 a5 12. c4 b6 13. Nc3 Rf8 14. Nb5 h6 15. h3 Nh7 16. f4 f5 17.
exf5 Bxf5 18. g4 Bd7 19. Be4 Nxf4 20. Bxf4 exf4 21. Nd4 Ng5 22. Qd3 Qf6 23. Bf5 Nxh3+ 24. Kg2 Bxf5 25. gxf5 Ng5 26. Rxf4 Rae8 27. Raf1 Re5 28.
Ne6 Rf7 29. Qg3 Re2+ 30. Kh1 Rxc2 31. Rg4 Rc3 32. Qg2 Re7 33. Rg1 Rh3+ 34. Qxh3 Nxh3 0-1

[Event "Early-Titled-Tuesday-Blitz-October-24-2023"]
[Site "Chess.com"]
[Date "2023.10.24"]
[Round "8"]
[White "EvgenyBurmakin"]
[Black "Vesper2018"]
[Result "0-1"]
[WhiteElo "2357"]
[BlackElo "2591"]
[TimeControl "180+1"]
[EndTime "9:25:16 PDT"]
[Termination "Vesper2018 won on time"]

1. e4 c5 2. Nc3 d6 3. Nf3 a6 4.
d4 cxd4 5. Nxd4 Nf6 6. Be3 e5 7. Nb3 Be6 8. f3 Nbd7 9. Qd2 b5 10. O-O-O Be7 11. g4 O-O 12. g5 Nh5 13. Rg1 b4 14.
Nd5 Bxd5 15. Qxd5 a5 16. Kb1 a4 17. Nd2 Nb6 18. Qc6 Rb8 19. Nc4 Nxc4 20. Bxc4 a3 21. b3 g6 22. h4 Kh8 23. Rd2 f6 24. gxf6 Rxf6 25. Rf1 Nf4 26. Rh2 Ne6 27. h5 g5 28.
h6 Nd4 29. Bxd4 exd4 30. Qd5 Rf4 31. Qxd4+ Bf6 32. Qd5 Be5 33. Rg2 Qf6 34. Qd3 Ba1 35.
c3 Bxc3 36. Rd1 Be5 37. Bd5 Rxf3 38. Qc4 Rc3 39. Qa6 Rbc8 40. Qa7 R3c7 41. Qb6 Qf3 0-1